 Dungeon Crawl Stone Soup version 0.31-a0-986-g5e6e4ef867 (webtiles) character file.

Game seed: 5934504354100825231

1001 Maxmaps the Slicer (level 8, -1/52 HPs)
             Began as an Octopode Monk on Nov 7, 2023.
             Slain by a hound (4 damage)
             ... on level 5 of the Dungeon.
             The game lasted 00:04:27 (4116 turns).

Maxmaps the Slicer (Octopode Monk)                  Turns: 4116, Time: 00:04:28

Health: -1/52      AC:  1    Str: 10    XL:     8   Next: 20%
Magic:  8/8        EV: 14    Int: 14    God:
Gold:   250        SH:  0    Dex: 15    Spells: 7/7 levels left

rFire   . . .        g - +0 dagger (venom)
rCold   + . .        (no shield)
rNeg    . . .        (helmet restricted)
rPois   .            (no amulet)
rElec   .            f - ring of protection from cold
rCorr   .            (no ring)
SInv    .            (no ring)
Will    .....        (no ring)
Stlth   ++++         (no ring)
HPRegen 0.28/turn    (no ring)
MPRegen 0.11/turn    (no ring)
                     (no ring)

%: no passive effects
@: no status effects
A: almost no armour, amphibious, 8 rings, camouflage 1, gelatinous body 1,
(nimble swimmer 1), tentacles
a: no special abilities


You were on level 5 of the Dungeon.
You visited 1 branch of the dungeon, and saw 5 of its levels.

You collected 250 gold pieces.

Inventory:

Hand Weapons
 g - a +0 dagger of venom (weapon)
 i - a +2 dagger of draining
Armour
 b - an orb of light
Jewellery
 f - a ring of protection from cold (left tentacle)
Wands
 d - a wand of charming (4)
 k - a wand of mindburst (12)
Scrolls
 e - a scroll of noise
 j - a scroll of acquirement {unknown}
 m - a scroll of identify {unknown}
Potions
 a - a potion of lignification
 c - a potion of haste {unknown}
 l - a potion of curing {unknown}


   Skills:
 - Level 3.0 Fighting
 - Level 8.3 Short Blades
 - Level 3.0 Dodging
 + Level 5.1 Stealth
 - Level 3.0 Unarmed Combat


You had 7 spell levels left.
You didn't know any spells.
Your spell library contained the following spells:

 Spells                   Type           Power      Damage    Failure   Level
 Frozen Ramparts          Ice            0%         1d1       65%         3
 Petrify                  Tmut/Erth      0%         N/A       96%         4
 Metabolic Englaciation   Hex/Ice        0%         N/A       100%        5


Dungeon Overview and Level Annotations

Branches:
Dungeon (5/15)
 Temple: D:4-7

Altars:
Sif Muna


Innate Abilities, Weirdness & Mutations

You cannot wear most types of armour.
You are amphibious.
You can wear up to eight rings at the same time.
Your skin changes colour to match your surroundings (Stealth+).
Your rubbery body absorbs attacks. (AC +1, EV +1)
((You are camouflaged when in or above water. (Stealth+)))
You have tentacles for arms and can constrict up to eight enemies at once.


Message History

You are too injured to fight recklessly!
You are too injured to fight recklessly!
You are too injured to fight recklessly!
Unknown command.
You hit the hound but do no damage.
The hound looks as sick as possible!
The hound is almost dead.
You constrict the hound, but do no damage.
You kill the hound!
The hound barely misses you. The hound bites you but does no damage.
Your Stealth skill increases to level 5!
You hit the hound.
The hound is poisoned.
Your grab misses the hound.
The hound is moderately wounded.
The hound bites you. x2
* * * LOW HITPOINT WARNING * * *
The hound bites you.
* * * LOW HITPOINT WARNING * * *
You hit the hound but do no damage. You grab the hound.
You tentacle-slap the hound, but do no damage.
You squeeze the hound.
The hound is severely wounded.
You constrict the hound, but do no damage.
The hound bites you.
* * * LOW HITPOINT WARNING * * *
The hound closely misses you. The hound bites you.
* * * LOW HITPOINT WARNING * * *
You hit the hound. You grab the hound.
The hound is lightly wounded.
You constrict the hound.
You constrict the hound, but do no damage.
The hound closely misses you. The hound bites you.
* * * LOW HITPOINT WARNING * * *
The hound bites you.
* * * LOW HITPOINT WARNING * * *
You hit the hound.
The hound is moderately wounded.
You constrict the hound, but do no damage.
You constrict the hound. The hound bites you.
* * * LOW HITPOINT WARNING * * *
The hound closely misses you. The hound bites you.
You die...

###.##......
##.....>...# ....
###.........# ....
###<.........# .....
#.........)..## #.....
..............#++#.....
......................
...###....#.....hh###
)...#......#?...@##
...###..#..#....h†...#
.....)..#...(....'...#
#...##...........'...#
##..###..........#####
#...##..###......
#.......##........
##.......)...#...#
#..........###


You could see 3 hounds.

Vanquished Creatures
  Eustachio (D:4)
  Menkaure (D:4)
  An ogre (D:5)
  A scorpion (D:3)
  5 hounds
  5 orc priests
  An iguana (D:5)
  5 orc wizards
  3 adders
  4 worms
  4 dart slugs
  13 orcs
  6 bats
  9 endoplasms
  3 giant cockroaches
  8 goblins
  6 hobgoblins
  5 jackals
  5 quokkas
  5 ball pythons
  6 frilled lizards
  9 kobolds
  8 rats
114 creatures vanquished.

Notes
Turn   | Place    | Note
-------+----------+-------------------------------------------
     0 | D:1      | Maxmaps the Octopode Monk began the quest for the Orb.
     0 | D:1      | Reached XP level 1. HP: 16/16 MP: 1/1
    18 | D:1      | Reached skill level 1 in Stealth
    91 | D:1      | Reached XP level 2. HP: 20/21 MP: 2/2
   392 | D:1      | Reached XP level 3. HP: 26/26 MP: 3/3
   996 | D:2      | Reached skill level 1 in Short Blades
  1026 | D:2      | Reached XP level 4. HP: 28/31 MP: 4/4
  1126 | D:2      | Reached skill level 2 in Short Blades
  2063 | D:3      | Reached skill level 3 in Short Blades
  2063 | D:3      | Reached XP level 5. HP: 30/36 MP: 5/5
  2099 | D:3      | Reached skill level 4 in Short Blades
  2631 | D:3      | Reached XP level 6. HP: 31/42 MP: 6/6
  2783 | D:4      | Reached skill level 5 in Short Blades
  3009 | D:4      | Noticed Menkaure
  3019 | D:4      | Killed Menkaure
  3020 | D:4      | Reached skill level 6 in Short Blades
  3020 | D:4      | Reached XP level 7. HP: 36/46 MP: 7/7
  3179 | D:4      | Noticed Eustachio
  3192 | D:4      | Killed Eustachio
  3379 | D:4      | Found a shimmering blue altar of Sif Muna.
  3469 | D:4      | Reached skill level 7 in Short Blades
  3806 | D:5      | Entered Level 5 of the Dungeon
  4061 | D:5      | Reached skill level 8 in Short Blades
  4061 | D:5      | Reached XP level 8. HP: 34/52 MP: 8/8
  4113 | D:5      | Reached skill level 5 in Stealth
  4116 | D:5      | Slain by a hound

Illustrated notes

Levels and vault maps discovered:
D:1:      dpeg_arrival_short_road, layout_basic, nicolae_wormholes
D:2:      layout_loops_ring
D:3:      layout_loops_corners, dk_noncrumbling_4
D:4:      layout_cave_pods, mainiacjoe_overflow_surrounded_room,
          minmay_door_square, uniq_eustachio, uniq_menkaure
D:5:      layout_cave_pools, serial_gnoll_camp, gnoll_camp_mini_house,
          gnoll_camp_mini_hut, gnoll_camp_huts_basic, grums_kennel,
          uniq_blork_the_orc

Skill      XL: |  1  2  3  4  5  6  7  8 |
---------------+-------------------------+-----
Stealth        | 2 3 4 5 |  5.1
Short Blades   | 1 3 4 6 8 |  8.3
Fighting       | |  3.0
Dodging        | |  3.0
Unarmed Combat | |  3.0

Action                     |  1- 3 |  4- 6 |  7- 9 || total
---------------------------+-------+-------+-------++-------
  Melee: Unarmed           |    26 |       |       ||    26
         Constrict         |    21 |    31 |    23 ||    75
         Tentacles         |    14 |    33 |    32 ||    79
         Punch             |     2 |     4 |     6 ||    12
         Dagger            |    40 |   121 |    99 ||   260
    Use: Potion            |       |     5 |     1 ||     6
         Scroll            |       |     4 |       ||     4
   Stab: Sleeping          |    12 |    12 |     3 ||    27
         Distracted        |       |     1 |       ||     1
 Armour: Skin              |    30 |    99 |    53 ||   182
  Dodge: Dodged            |    36 |    54 |    60 ||   150

Table legend: (Time is in decaauts)
 A = Elapsed time spent in this place.
 B = Non-inter-level travel time spent in this place.
 C = Inter-level travel time spent in this place.
 D = Time resting spent in this place.
 E = Time spent auto-exploring this place.
 F = Levels seen in this place.
 G = Mean time per level.
                   A        B        C        D        E       F      G
               +--------+--------+--------+--------+--------+-----+--------+
         Total |   4057 |   3920 |    137 |    258 |   2941 |   5 |  811.4 |
       Dungeon |   4057 |   3920 |    137 |    258 |   2941 |   5 |  811.4 |
               +--------+--------+--------+--------+--------+-----+--------+

Top non-repeatable levels by time:
     D:3: 1232 daAuts
     D:4: 1018 daAuts
     D:1: 903 daAuts
     D:2: 703 daAuts
     D:5: 198 daAuts
